 Dungeon Crawl Stone Soup version 0.27.1-15-g792fb953b9 (webtiles) character file.

Game seed: 17211402382875969256

66 spaced the Covered (level 4, -1/40 HPs)
             Began as a Hill Orc Fighter on Nov 20, 2021.
             Slain by Grinder (2 damage)
             ... on level 3 of the Dungeon.
             The game lasted 00:08:32 (2437 turns).

spaced the Covered (Hill Orc Fighter)               Turns: 2437, Time: 00:08:33

Health: -1/40      AC:  9    Str: 19    XL:     4   Next: 15%
Magic:  4/4        EV:  5    Int:  8    God:
Gold:   111        SH:  9    Dex: 10    Spells: 3/3 levels left

rFire    . . .     SeeInvis .   a - +0 long sword
rCold    . . .     Faith    .   c - +0 kite shield
rNeg     . . .     Spirit   .   g - +0 chain mail
rPois    .         Reflect  .   (no helmet)
rElec    .         Harm     .   (no cloak)
rCorr    .         Rampage  .   (no gloves)
Will     .....                  (no boots)
Stlth    ..........             (no amulet)
HPRegen  0.13/turn              (no ring)
MPRegen  0.09/turn              (no ring)

@: no status effects
A: no striking features
a: no special abilities


You were on level 3 of the Dungeon.
You visited 1 branch of the dungeon, and saw 3 of its levels.

You collected 111 gold pieces.

Inventory:

Hand Weapons
 a - a +0 long sword (weapon)
Missiles
 l - 4 javelins (quivered)
Armour
 b - a +0 scale mail
 c - a +0 kite shield (worn)
 g - a +0 chain mail (worn)
Scrolls
 f - a scroll of identify {unknown}
 j - 2 scrolls of vulnerability {unknown}
 k - a scroll of enchant armour {unknown}
 m - a scroll of fog {unknown}
Potions
 d - a potion of might
 e - 2 potions of lignification {unknown}
 h - a potion of mutation {unknown}
 i - 2 potions of magic {unknown}


   Skills:
 + Level 3.9 Fighting
 + Level 3.1 Long Blades
 + Level 4.1 Armour
 + Level 0.8 Dodging
 + Level 0.1 Stealth
 + Level 3.5 Shields


You had 3 spell levels left.
You didn't know any spells.
Your spell library contained the following spells:

 Spells                   Type           Power      Damage    Failure   Level
 Sublimation of Blood     Necr           0%         N/A       100%        2
 Wereblood                Tmut           0%         N/A       100%        2
 Summon Forest            Summ/Tloc      0%         N/A       100%        5
 Eringya's Noxious Bog    Tmut/Pois      0%         N/A       100%        6
 Summon Hydra             Summ           0%         N/A       100%        7


Dungeon Overview and Level Annotations

Branches:
Dungeon (3/15)

Altars:

Annotations:
D:3 Grinder


Message History

Grinder is nearby!
Found an escape hatch in the ceiling.
Found a stone staircase leading down.
Grinder says, "You look like you could use a good racking."
Grinder gestures at you. You resist with significant effort.
Grinder blinks!
m - a scroll labelled ENEOXK CIACEZU
There are no items here.
No target in view!
Grinder is nearby!
Found 12 gold pieces and a scroll labelled FAGIUF UDUONEO.
Found 18 stones.
Grinder blinks!
Grinder blinks!
Grinder blinks!
Grinder gestures at you.
You suddenly lose the ability to move!
Grinder hits you.
You writhe in agony.
Grinder hits you!
You writhe in agony.
Grinder hits you but does no damage.
You can move again.
You slash Grinder!
Grinder is lightly wounded.
Grinder hits you!
You writhe in agony.
Grinder hits you but does no damage.
You are too injured to fight recklessly!
You are too injured to fight recklessly!
You are too injured to fight recklessly!
You are too injured to fight recklessly!
You are too injured to fight recklessly!
You are too injured to fight recklessly!
You hit Grinder.
Grinder is moderately wounded.
Grinder hits you.
You closely miss Grinder.
Grinder is moderately wounded.
Grinder hits you.
You writhe in agony.
* * * LOW HITPOINT WARNING * * *
Grinder hits you!
* * * LOW HITPOINT WARNING * * *
You writhe in agony.
You die...

...........##.#.#######
......................#
.............†#.....###
.............<.........
...>........###.#...##
..$.........###.#...#
..?...........#.....#
(......#......####..##
.......#...@5........#
.....<.##............#
# .......
#..#<#.###..(##.#
...####
#..#.#..........# #.#
#..#...........##
##.#.##.......##
###.#............#
...............###
#####.........#


You could see Grinder.

Vanquished Creatures
  2 adders (D:2)
  8 ball pythons
  5 endoplasms
  A giant cockroach (D:3)
  4 goblins
  6 hobgoblins
  2 kobolds (D:2)
  3 quokkas
  6 bats
  5 frilled lizards
  3 rats
45 creatures vanquished.

Vanquished Creatures (others)
  A plant (D:1)
1 creature vanquished.

Grand Total: 46 creatures vanquished

Notes
Turn   | Place    | Note
-------+----------+-------------------------------------------
     0 | D:1      | spaced the Hill Orc Fighter began the quest for the Orb.
     0 | D:1      | Reached XP level 1. HP: 19/19 MP: 1/1
   460 | D:1      | Reached XP level 2. HP: 25/27 MP: 2/2
   546 | D:1      | Found a faded altar of an unknown god.
  1692 | D:2      | Reached XP level 3. HP: 33/33 MP: 3/3
  1893 | D:2      | Reached skill level 4 in Armour
  2047 | D:2      | Reached XP level 4. HP: 37/40 MP: 4/4
  2417 | D:3      | Noticed Grinder
  2430 | D:3      | Paralysed by Grinder for 5 turns
  2437 | D:3      | HP: 1/40 [Grinder (9)]
  2437 | D:3      | Slain by Grinder

Illustrated notes

Levels and vault maps discovered:
D:1:      kilobyte_arrival_exit_the_forest, layout_loops_cross,
          shapermc_ecumenical_altar_totnotflames
D:2:      layout_basic, skrybe_limestone_x
D:3:      minmay_roachtagon, layout_basic, zin_statuary, minmay_joined_circles,
          uniq_grinder

Skill      XL: |  1  2  3 |
---------------+----------+-----
Armour         | 4 |  4.1
Long Blades    | 3 |  3.1
Fighting       | |  3.9
Dodging        | |  0.8
Stealth        | |  0.1
Shields        | |  3.5

Action                   |  1- 3 |  4- 6 || total
-------------------------+-------+-------++-------
Melee: Long sword        |   116 |    18 ||   134
Armor: Scale mail        |    24 |       ||    24
       Chain mail        |    47 |    14 ||    61
Dodge: Dodged            |    38 |     4 ||    42
Block: Kite shield       |    63 |     6 ||    69
       Rpst.: Long sword |    11 |     1 ||    12
